Map: Terraform LE (Void)

Players

회단

  • Race: Protoss Protoss
  • League: Bronze

HzVee - Winner!

  • Race: Protoss Protoss

VOD

Have the link to the VOD?

Description

Time

  • Played on: Sept. 30, 2015, 3:48 a.m.
  • Length: 11:45
Show
View Real Time Build Order
Export as new Build Order

회단 Protoss 

Build Orders: Blink Stalkers 

Get SALT Encoding   

  12  0:01  Probe (Chrono Boost)  
  13  0:11  Probe (Chrono Boost)  
  14  0:21  Probe (Chrono Boost)  
  14  0:23  Pylon  
  15  0:41  Probe (Chrono Boost)  
  16  0:43  Gateway  
  16  0:48  Assimilator  
  16  0:51  Probe (Chrono Boost)  
  17  1:01  Probe (Chrono Boost)  
  18  1:07  Pylon  
  18  1:11  Probe (Chrono Boost)  
  19  1:21  Probe (Chrono Boost)  
  19  1:24  Assimilator  
  20  1:31  Probe (Chrono Boost)  
  20  1:32  Cybernetics Core  
  21  1:40  Probe (Chrono Boost)  
  22  1:50  Probe (Chrono Boost)  
  23  1:56  Pylon  
  23  2:00  Pylon  
  23  2:04  Gateway  
  23  2:08  Warp Gate (Chrono Boost)  
  23  2:18  Twilight Council  
  23  2:36  Stalker  
  25  2:39  Mothership Core  
  26  2:51  Stalker  
  28  3:07  Nexus  
  28  3:11  Blink (Chrono Boost)  
  28  3:14  Pylon  
  28  3:25  Gateway  
  28  3:34  Probe  
  29  3:47  Probe  
  30  3:48  Forge  
  30  3:59  Probe  
  31  4:11  Probe  
  31  4:12  Stalker  
  31  4:13  Stalker  
  36  4:17  Protoss Ground Weapons Level 1 (Chrono Boost)  
  36  4:26  Probe  
  35  4:36  Probe  
  34  4:38  Stalker x2  
  34  4:39  Stalker  
  34  4:45  Assimilator  
  40  5:02  Gateway  
  40  5:06  Stalker x2  
  44  5:09  Stalker  
  46  5:18  Probe  
  47  5:25  Assimilator  
  47  5:28  Probe x2  
  49  5:38  Probe  
  49  5:40  Probe  
  51  5:47  Probe  
  52  5:57  Probe  
  52  5:58  Protoss Ground Weapons Level 2 (Chrono Boost)  
  53  6:11  Robotics Facility  
  53  6:18  Sentry x2  
  53  6:19  Sentry  
  53  6:20  Stalker  
  61  6:37  Gateway  
  61  6:40  Gateway  
  61  6:56  Stalker x2  
  61  6:57  Stalker  
  61  6:59  Sentry, Nexus  
  69  7:01  Pylon  
  69  7:04  Pylon  
  69  7:15  Probe  
  69  7:19  Probe  
  71  7:25  Probe  
  71  7:26  Pylon  
  72  7:31  Pylon  
  72  7:32  Probe  
  72  7:35  Probe  
  73  7:44  Probe x2  
  75  7:45  Observer, Robotics Bay  
  77  7:52  Pylon  
  77  7:54  Probe  
  77  7:56  Probe  
  79  8:04  Probe  
  79  8:08  Probe  
  79  8:09  Probe  
  82  8:14  Probe  
  82  8:16  Stalker  
  82  8:18  Probe  
  85  8:20  Probe  
  85  8:24  Probe  
  82  8:28  Probe  
  82  8:30  Stalker  
  82  8:31  Stalker x2  
  82  8:32  Probe  
  72  8:34  Probe  
  72  8:38  Probe  
  72  8:39  Stalker  
  76  8:42  Stalker  
  76  8:48  Colossus, Extended Thermal Lance (Chrono Boost)  
  84  8:56  Probe  
  84  9:02  Assimilator  
  85  9:04  Assimilator  
  85  9:06  Probe  
  85  9:08  Mothership Core  
  88  9:10  Stalker  
  88  9:11  Sentry  
  88  9:12  Sentry  
  88  9:16  Probe  
  95  9:34  Stalker x2  
  99  9:41  Colossus (Chrono Boost)  
  105  10:29  Stalker x2  
  105  10:30  Zealot x2  
  105  10:31  Zealot x2  
  105  10:32  Immortal (Chrono Boost)  
  121  10:42  Probe  
  121  10:48  Pylon  
  122  10:52  Probe  
  123  10:57  Pylon  
  123  11:02  Probe  
  123  11:05  Pylon  
  129  11:12  Probe  
  126  11:22  Probe  
  126  11:24  Stalker  
  97  11:29  Stalker x2  
  97  11:30  Stalker x3  
Show
View Real Time Build Order
Export as new Build Order

HzVee Protoss - Winner!

Build Orders:  

Get SALT Encoding   

  12  0:00  Probe (Chrono Boost)  
  13  0:10  Probe (Chrono Boost)  
  14  0:18  Pylon  
  14  0:22  Probe (Chrono Boost)  
  15  0:36  Probe (Chrono Boost)  
  15  0:40  Gateway  
  16  0:46  Probe (Chrono Boost)  
  16  0:48  Assimilator  
  17  0:56  Probe (Chrono Boost)  
  18  1:04  Gateway  
  18  1:10  Pylon  
  18  1:11  Probe (Chrono Boost)  
  19  1:25  Assimilator  
  19  1:26  Probe (Chrono Boost)  
  20  1:35  Cybernetics Core  
  20  1:36  Probe (Chrono Boost)  
  21  1:40  Zealot (Chrono Boost)  
  23  1:55  Probe  
  24  2:07  Probe  
  27  2:17  Stalker (Chrono Boost)  
  27  2:19  Probe  
  28  2:26  Robotics Facility  
  28  2:27  Warp Gate (Chrono Boost)  
  28  2:41  Stalker  
  30  2:59  Pylon  
  30  3:07  Nexus  
  30  3:16  Pylon  
  30  3:18  Mothership Core  
  32  3:24  Observer  
  33  3:28  Pylon  
  33  3:37  Forge  
  33  3:39  Probe  
  34  3:43  Stalker  
  36  3:51  Probe  
  37  3:56  Immortal  
  41  4:03  Probe  
  41  4:06  Protoss Ground Weapons Level 1 (Chrono Boost)  
  42  4:10  Twilight Council  
  42  4:19  Probe  
  43  4:29  Probe  
  44  4:39  Probe  
  45  4:49  Probe  
  45  4:52  Immortal  
  50  4:56  Assimilator  
  50  4:59  Probe  
  51  5:09  Probe  
  52  5:15  Blink  
  52  5:19  Probe  
  53  5:26  Robotics Bay  
  53  5:29  Probe  
  54  5:39  Stalker, Probe  
  57  5:44  Stalker  
  57  5:48  Probe  
  59  5:54  Assimilator  
  60  5:58  Probe  
  61  6:05  Pylon  
  61  6:06  Zealot  
  61  6:07  Pylon  
  61  6:08  Probe  
  61  6:09  Zealot  
  66  6:22  Colossus (Chrono Boost)  
  72  6:34  Probe  
  72  6:37  Nexus  
  72  6:39  Pylon  
  73  6:41  Stalker  
  73  6:44  Probe  
  73  6:45  Stalker  
  78  6:53  Probe  
  78  6:55  Protoss Shields Level 1 (Chrono Boost)  
  79  7:12  Colossus (Chrono Boost)  
  85  7:18  Stalker  
  85  7:19  Stalker  
  89  7:25  Gateway  
  89  7:27  Gateway  
  89  7:51  Probe  
  90  8:01  Probe  
  90  8:04  Pylon  
  91  8:08  Stalker  
  91  8:09  Stalker  
  91  8:11  Probe  
  96  8:21  Probe  
  91  8:31  Probe  
  86  8:42  Stalker x4  
  86  8:46  Immortal (Chrono Boost)  
  98  8:56  Extended Thermal Lance (Chrono Boost)  
  98  9:02  Pylon  
  98  9:11  Pylon  
  98  9:14  Pylon  
  98  9:15  Immortal  
  98  9:17  Assimilator  
  98  9:22  Stalker x2  
  98  9:23  Stalker  
  108  9:37  Assimilator  
  108  9:47  Immortal  
  108  9:50  Gateway  
  108  9:51  Gateway  
  108  9:54  Gateway  
  108  9:55  Stalker x3  
  108  9:56  Stalker  
  120  10:20  Immortal  
  124  10:33  Stalker x3  
  124  10:34  Stalker  
  132  11:19  Pylon  
  132  11:21  Pylon  
  132  11:23  Pylon  
  118  11:36  Stalker x5  
  118  11:37  Stalker x2  
Tags
 
Composition
Blink Stalkers
League
Bronze
Matchup
PvP
Replay Pack
HzVee P1
Add a new tag
Caveats
  • Supply blocks, unpowered buildings, or Contaminate may cause inaccurate times.
  • Supply counts are checked every 10 seconds.